 Dungeon Crawl Stone Soup version 0.28-a0-1339-ga5422284a4 (webtiles) character file.

Game seed: 11546454951292142003

14 ReploidZero the Sneak (level 2, 0/15 HPs)
             Began as a Kobold Enchanter on Dec 28, 2021.
             Slain by Terence (11 damage)
             ... on level 2 of the Dungeon.
             The game lasted 00:04:09 (1242 turns).

ReploidZero the Sneak (Kobold Enchanter)            Turns: 1242, Time: 00:04:15

Health: 0/15       AC:  2    Str:  5    XL:     2   Next: 55%
Magic:  1/5        EV: 15    Int: 16    God:
Gold:   50         SH:  0    Dex: 15    Spells: 3/5 levels left

rFire   . . .      SeeInvis .   a - +1 dagger
rCold   . . .      Faith    .   (no shield)
rNeg    . . .      Spirit   .   b - +0 robe
rPois   .          Reflect  .   (no helmet)
rElec   .          Harm     .   (no cloak)
rCorr   .          Rampage  .   (no gloves)
Will    .....                   (no boots)
Stlth   ++++......              (no amulet)
HPRegen 0.05/turn               (no ring)
MPRegen 0.09/turn               (no ring)

@: no status effects
A: small, no large weapons, nightstalker 3
a: no special abilities


You were on level 2 of the Dungeon.
You visited 1 branch of the dungeon, and saw 2 of its levels.

You collected 50 gold pieces.

Inventory:

Hand Weapons
 a - a +1 dagger (weapon)
Armour
 b - a +0 robe (worn)
Scrolls
 f - a scroll of teleportation {unknown}
 g - a scroll of summoning {unknown}
 h - a scroll of identify {unknown}
 i - 2 scrolls of amnesia {unknown}
 j - a scroll of blinking {unknown}
Potions
 d - a potion of heal wounds {unknown}
 e - a potion of magic {unknown}


   Skills:
 + Level 1.8 Short Blades
 + Level 2.6 Dodging
 * Level 4.4 Stealth
 + Level 2.3 Spellcasting
 + Level 3.1 Hexes


You had 3 spell levels left.
You knew the following spells:

 Your Spells              Type           Power      Damage    Failure   Level
a - Ensorcelled Hibernat  Hex/Ice        12%        N/A       16%         2

Your spell library contained the following spells:

 Spells                   Type           Power      Damage    Failure   Level
 Confusing Touch          Hex            11%        N/A       17%         3
 Tukima's Dance           Hex            11%        N/A       17%         3
 Magic Dart               Conj           4%         1d3       21%         1
 Corpse Rot               Necr/Air       2%         N/A       30%         2
 Poisonous Vapours        Pois/Air       2%         N/A       30%         2
 Searing Ray              Conj           2%         2d4       30%         2
 Dazzling Flash           Conj/Hex       12%        N/A       32%         3
 Fulminant Prism          Conj/Hex       3%         3d6       71%         4


Dungeon Overview and Level Annotations

Branches:
Dungeon (2/15)

Altars:

Shops:
D:1 !

Annotations:
D:2 Terence


Innate Abilities, Weirdness & Mutations

You are small and have problems with some larger weapons.
You are completely attuned to the shadows.


Message History

Casting: Ensorcelled Hibernation (safe; 16% risk of failure)
Confirm with . or Enter, or press ? or * to list all spells.
Aiming: Ensorcelled Hibernation (safe; 16% risk of failure)
Press: ? - help, Shift-Dir - straight line, f/p - Terence
Aim: Terence, wielding a +3 short sword of electrocution and wearing a +0 ring mail (chance to affect: 49%) Terence looks drowsy...
Unknown command.
The helpless Terence fails to defend himself.
You impale Terence!!
Terence is almost dead.
Terence completely misses you.
Casting: Ensorcelled Hibernation (safe; 16% risk of failure)
Confirm with . or Enter, or press ? or * to list all spells.
You don't have enough magic to cast this spell.
Unknown command.
Unknown command.
Hit: a) +1 dagger
Press: ? - help, Dir - move target, f/p - Terence
Aim: Terence, wielding a +3 short sword of electrocution and wearing a +0 ring mail (almost dead, about 32% to evade your +1 dagger)
Okay, then.
Unknown command.
Unknown command.
Unknown command.
Casting: Ensorcelled Hibernation (safe; 16% risk of failure)
Confirm with . or Enter, or press ? or * to list all spells.
You don't have enough magic to cast this spell.
Unknown command.
Unknown command.
Casting: Ensorcelled Hibernation (safe; 16% risk of failure)
Confirm with . or Enter, or press ? or * to list all spells.
Okay, then.
Unknown command.
Unknown command.
You closely miss Terence.
Terence is almost dead.
Terence shouts, "Get ready for death!"
Terence hits you with a +3 short sword of electrocution.
You are electrocuted!
Ouch! That really hurt!
You die...

#)##.# #.# #.#
#.# #)# #.#
#.#
#####.#######
#.@@....).#.##
#.###.###>...#
#.# #.###.....
#.# #.........
#.# #####.....
#.#######....#
#.........#.##
######......#
#.####.#


You could see Terence.

Vanquished Creatures
  A dart slug (D:1)
  3 ball pythons
  A giant cockroach (D:1)
  3 kobolds
  A quokka (D:1)
  A bat (D:1)
  A frilled lizard (D:1)
  A rat (D:1)
12 creatures vanquished.

Notes
Turn   | Place    | Note
-------+----------+-------------------------------------------
     0 | D:1      | ReploidZero the Kobold Enchanter began the quest for the
                  | Orb.
     0 | D:1      | Reached XP level 1. HP: 10/10 MP: 3/3
    84 | D:1      | Found Duproze's Distillery.
   257 | D:1      | Reached XP level 2. HP: 15/15 MP: 5/5
   881 | D:2      | Found a faded altar of an unknown god.
   977 | D:2      | Noticed Terence
  1237 | D:1      | Learned a level 2 spell: Ensorcelled Hibernation
  1242 | D:2      | Slain by Terence

Illustrated notes

Levels and vault maps discovered:
D:1:      scummos_arrival_simple_crosswalls, layout_loops_ring, serial_shops,
          nicolae_square_shop, grunt_decor_fettered, minmay_crystal_water
D:2:      layout_loops_corners, nicolae_ecumenical_oubliette, minmay_3d_cube,
          uniq_natasha, uniq_crazy_yiuf_cottage, uniq_terence

Action                   || total
-------------------------++-------
Melee: Dagger            ||    27
 Cast: Ensorcelled Hiber ||     2
  Use: Potion            ||     1
 Stab: Sleeping          ||     9
Dodge: Dodged            ||    12

Table legend: (Time is in decaauts)
 A = Elapsed time spent in this place.
 B = Non-inter-level travel time spent in this place.
 C = Inter-level travel time spent in this place.
 D = Time resting spent in this place.
 E = Time spent auto-exploring this place.
 F = Levels seen in this place.
 G = Mean time per level.
                   A        B        C        D        E       F      G
               +--------+--------+--------+--------+--------+-----+--------+
         Total |   1245 |   1168 |     77 |      0 |   1048 |   2 |  622.5 |
       Dungeon |   1245 |   1168 |     77 |      0 |   1048 |   2 |  622.5 |
               +--------+--------+--------+--------+--------+-----+--------+

Top non-repeatable levels by time:
     D:1: 1172 daAuts
     D:2: 73 daAuts
